 Dungeon Crawl Stone Soup version 0.28-a0-1339-ga5422284a4 (webtiles) character file.

Game seed: 17978707345882091810

58 rogsnak the Gusty (level 3, -6/24 HPs)
             Began as a Demonspawn Air Elementalist on Dec 28, 2021.
             Mangled by a phantom (7 damage)
             ... on level 3 of the Dungeon.
             The game lasted 00:04:01 (2439 turns).

rogsnak the Gusty (Demonspawn Air Elementalist)     Turns: 2439, Time: 00:04:01

Health: -6/24      AC:  2    Str:  8    XL:     3   Next: 75%
Magic:  2/6        EV: 12    Int: 18    God:
Gold:   96         SH:  0    Dex: 13    Spells: 5/6 levels left

rFire   . . .      SeeInvis .   b - +0 short sword
rCold   . . .      Faith    .   (no shield)
rNeg    . . .      Spirit   .   a - +0 robe
rPois   .          Reflect  .   (no helmet)
rElec   .          Harm     .   (no cloak)
rCorr   .          Rampage  .   (no gloves)
Will    .....                   (no boots)
Stlth   ++........              (no amulet)
HPRegen 0.08/turn               (no ring)
MPRegen 0.10/turn               (no ring)

@: no status effects
A: powered by pain 1, weakness stinger 1
a: no special abilities


You were on level 3 of the Dungeon.
You visited 1 branch of the dungeon, and saw 3 of its levels.

You collected 96 gold pieces.

Inventory:

Hand Weapons
 b - a +0 short sword (weapon)
Missiles
 f - 3 boomerangs
Armour
 a - a +0 robe (worn)
Jewellery
 i - an amulet of guardian spirit
Wands
 g - a wand of digging (3)
Scrolls
 c - a scroll of summoning {unknown}
 d - 3 scrolls of identify {unknown}
 e - 2 scrolls of enchant weapon {unknown}
 j - a scroll of immolation {unknown}
Potions
 h - a potion of attraction {unknown}
 k - a potion of might {unknown}


   Skills:
 + Level 1.8 Dodging
 - Level 2.0 Stealth
 + Level 2.4 Spellcasting
 * Level 2.0 Conjurations
 + Level 3.5 Air Magic


You had 5 spell levels left.
You knew the following spells:

 Your Spells              Type           Power      Damage    Failure   Level
a - Shock                 Conj/Air       48%        1d6       5%          1

Your spell library contained the following spells:

 Spells                   Type           Power      Damage    Failure   Level
 Static Discharge         Conj/Air       12%        N/A       9%          2
 Swiftness                Air            14%        N/A       12%         3
 Apportation              Tloc           4%         N/A       17%         1
 Passwall                 Tmut/Erth      1%         N/A       26%         2
 Airstrike                Air            7%         N/A       38%         4
 Alistair's Intoxication  Tmut/Pois      1%         N/A       99%         5


Dungeon Overview and Level Annotations

Branches:
Dungeon (3/15)

Altars:
Makhleb

Shops:
D:1 *   D:3 ?


Innate Abilities, Weirdness & Mutations

You sometimes gain a little power by taking damage.
You have a small tail.


Message History

Casting: Shock (safe; 5% risk of failure)
Confirm with . or Enter, or press ? or * to list all spells.
Aiming: Shock (safe; 5% risk of failure)
Press: ? - help, Shift-Dir - straight line, f - phantom
Aim: a phantom (severely damaged, 56% to hit)
The zap hits the phantom.
The phantom is almost destroyed.
The phantom hits you.
Unknown command.
The phantom hits you.
* * * LOW HITPOINT WARNING * * *
The phantom blinks!
You blink.
Unknown command.
Casting: Shock (safe; 5% risk of failure)
Confirm with . or Enter, or press ? or * to list all spells.
Aiming: Shock (safe; 5% risk of failure)
Press: ? - help, Shift-Dir - straight line, f/p - phantom
Aim: a phantom (almost destroyed, 56% to hit)
Okay, then.
Casting: Shock (safe; 5% risk of failure)
Confirm with . or Enter, or press ? or * to list all spells.
Aiming: Shock (safe; 5% risk of failure)
Press: ? - help, Shift-Dir - straight line, f/p - phantom
Aim: a phantom (almost destroyed, 56% to hit)
The zap hits the phantom.
The phantom is almost destroyed.
The zap misses the phantom.
The phantom hits you.
* * * LOW HITPOINT WARNING * * *
The phantom blinks!
You blink.
Found a stone staircase leading up.
Casting: Shock (safe; 5% risk of failure)
Confirm with . or Enter, or press ? or * to list all spells.
Aiming: Shock (safe; 5% risk of failure)
Press: ? - help, Shift-Dir - straight line, f/p - phantom
Aim: a phantom (almost destroyed, 56% to hit)
The zap hits the phantom but does no damage.
The phantom is almost destroyed.
The zap hits the phantom.
The phantom is almost destroyed.
The phantom hits you!
You die...

.... .... #....#####
#...#...## #........### #..h
#..........#.< ....
#........... .....
#..W@...#..####
......#####............
8...........§...##....∩
.S(...####..§....#.... ..
........##........#.# ...
....................##.#...#
#....####..####..#.....#...#
... #### ##..[........# #
#...........#


You could see a phantom.

Vanquished Creatures
  2 adders (D:2)
  3 worms (D:2)
  A dart slug (D:1)
  5 ball pythons
  A bat (D:1)
  4 endoplasms
  A goblin (D:2)
  3 hobgoblins
  A jackal (D:3)
  3 kobolds (D:2)
  A frilled lizard (D:1)
  3 rats
28 creatures vanquished.

Notes
Turn   | Place    | Note
-------+----------+-------------------------------------------
     0 | D:1      | rogsnak the Demonspawn Air Elementalist began the quest for
                  | the Orb.
     0 | D:1      | Reached XP level 1. HP: 13/13 MP: 3/3
    76 | D:1      | Found Mesh's Assorted Antiques.
   748 | D:1      | Reached skill level 3 in Air Magic
   748 | D:1      | Gained mutation: You sometimes gain a little power by
                  | taking damage. [demonic ancestry]
   748 | D:1      | Reached XP level 2. HP: 19/19 MP: 0/5
  1666 | D:2      | Gained mutation: You have a small tail. [demonic ancestry]
  1666 | D:2      | Reached XP level 3. HP: 24/24 MP: 4/6
  1868 | D:2      | Found a burning altar of Makhleb.
  2361 | D:3      | Noticed a phantom
  2374 | D:3      | Found Huimu's Magic Scroll Emporium.
  2438 | D:3      | HP: 1/24 [phantom (1)]
  2439 | D:3      | Mangled by a phantom

Illustrated notes

Levels and vault maps discovered:
D:1:      dpeg_arrival_rooms_c, layout_loops_corners, serial_shops, shop_coins,
          minmay_misc_feat_ornament, item_on_display_a
D:2:      layout_basic, basic_altar
D:3:      layout_rooms, jmf_multi_god_temple,
          chequers_ecumenical_altar_simple_redux, serial_shops, shop,
          gup_sewer_entry_bubbles

Skill      XL: |  1  2  3 |
---------------+----------+-----
Air Magic      | 3 |  3.5
Conjurations   | 2 |  2.0
Stealth        | 2 |  2.0
Dodging        | |  1.8
Spellcasting   | |  2.4

Action                   || total
-------------------------++-------
Melee: Short sword       ||     5
 Cast: Shock             ||    71
 Stab: Sleeping          ||     1
Dodge: Dodged            ||     4

Table legend: (Time is in decaauts)
 A = Elapsed time spent in this place.
 B = Non-inter-level travel time spent in this place.
 C = Inter-level travel time spent in this place.
 D = Time resting spent in this place.
 E = Time spent auto-exploring this place.
 F = Levels seen in this place.
 G = Mean time per level.
                   A        B        C        D        E       F      G
               +--------+--------+--------+--------+--------+-----+--------+
         Total |   2438 |   2364 |     74 |    447 |   1659 |   3 |  812.7 |
       Dungeon |   2438 |   2364 |     74 |    447 |   1659 |   3 |  812.7 |
               +--------+--------+--------+--------+--------+-----+--------+

Top non-repeatable levels by time:
     D:2: 1240 daAuts
     D:1: 1111 daAuts
     D:3: 86 daAuts
